 Dungeon Crawl Stone Soup version 0.14-a0-1707-g75daffb (webtiles) character file.

248 Nicoed the Skirmisher (level 5, -3/63 HPs)
             Began as a Demonspawn Berserker on Jan 1, 2014.
             Was a Priest of Trog.
             Slain by a worker ant (4 damage)
             ... on Level 4 of the Dungeon.
             The game lasted 00:09:04 (1790 turns).

Nicoed the Skirmisher (Demonspawn Berserker)        Turns: 1790, Time: 00:09:04

HP  -3/63        AC  8     Str 23      XL: 5   Next: 46%
MP   5/5         EV  7     Int  9      God: Trog [***...]
Gold 52          SH  0     Dex 12      Spells:  0 memorised,  4 levels left

rFire  . . .     SeeInvis .     e - +4,+0 elf spear (pierce)
rCold  . . .     Clarity  .     i - -1 chain mail (curse)
rNeg   . . .     Conserve .     (no shield)
rPois  .         rCorr    .     (no helmet)
rElec  .         rRot     .     (no cloak)
SustAb . .       Spirit   .     (no gloves)
rMut   .         Warding  .     (no boots)
Saprov . . .     Stasis   .     (no amulet)
                                (no ring)
                                (no ring)

@: confused, berserking (expiring), slowed, slightly resistant to hostile
enchantments, extremely unstealthy
A: talons 1, conserve scrolls, demonic guardian 1
a: Burn Spellbooks, Berserk, Trog's Hand, Renounce Religion


You were on level 4 of the Dungeon.
You worshipped Trog.
Trog was most pleased with you.
You were not hungry.

You visited 1 branch of the dungeon, and saw 4 of its levels.

You collected 52 gold pieces.

Inventory:

Hand weapons
 e - a +4,+0 elven spear of piercing (weapon)
Armour
 i - a cursed -1 chain mail (worn)
Comestibles
 b - a meat ration
 c - 3 bread rations
 s - a pear
Scrolls
 g - a scroll of curse weapon {unknown}
 j - 2 scrolls of amnesia {unknown}
 k - 3 scrolls of enchant weapon I {unknown}
 l - 5 scrolls of identify {unknown}
 n - a scroll of random uselessness {unknown}
 q - a scroll of teleportation {unknown}
 r - 2 scrolls of remove curse {unknown}
 t - a scroll of fog {unknown}
Jewellery
 a - an uncursed amulet of resist corrosion {unknown}
Potions
 d - a potion of degeneration {unknown}
 f - 2 potions of agility {unknown}
 h - a potion of heal wounds {unknown}
 m - a potion of lignification {unknown}
 o - a potion of curing
 p - a potion of confusion {unknown}


   Skills:
 - Level 3.9 Fighting
   Level 2.6 Axes
 + Level 3.0 Polearms
 + Level 3.0 Armour
 + Level 3.0 Dodging


You had 4 spell levels left.
You didn't know any spells.

Dungeon Overview and Level Annotations

Branches:
Dungeon (4/16)
 Temple: D:4-7

Altars:
Kikubaaqudgha
Nemelex Xobeh
Jiyva


Innate Abilities, Weirdness & Mutations

You have sharp toenails.
You are very good at protecting items from fire.
A weak demonic guardian rushes to your aid.


Message History

[Y]es or [N]o only, please.
Are you sure you want to stumble around while confused and next to your lemure? [Y]es or [N]o only, please.
Are you sure you want to stumble around while confused and next to your lemure?
You miss it. You claw it! Trog accepts your kill.
Trog appreciates your killing of a magic user.
Reactivating autopickup.
Your Polearms skill increases to level 3!
You feel a bit more experienced.
Unknown command.
Are you sure you want to stumble around while confused and next to your lemure? (Use ctrl+direction to attack without moving)
Okay, then.
Are you sure you want to stumble around while confused and next to your lemure? (Use ctrl+direction to attack without moving) [Y]es or [N]o only, please.
Are you sure you want to stumble around while confused and next to your lemure? (Use ctrl+direction to attack without moving) [Y]es or [N]o only, please.
Are you sure you want to stumble around while confused and next to your lemure? (Use ctrl+direction to attack without moving) Ouch!
The worker ant bites you.
You die...

. ..(.. #.....
..... # .... .#
#..# ..# #..# ..###
######.)##o......
....$...5@ao......
######..##.....##
#..##.....#
#.........#
....#####.###.....#
........<.# ####
###########


You could see a worker ant, an orc priest, an orc and a friendly lemure.

Vanquished Creatures
  A crimson imp (D:4)
  2 jellies (D:3)
  2 orc wizards (D:4)
  Ijyb (D:2)
  An adder (D:2)
  A worm (D:3)
  3 giant geckos
  5 oozes
  An orc (D:3)
  9 bats
  A giant cockroach (D:3)
  8 goblins
  6 hobgoblins
  4 kobolds
  2 quokkas (D:2)
  2 ball pythons
  4 giant newts
  5 rats
58 creatures vanquished.

Vanquished Creatures (others)
  A toadstool (D:3)
1 creature vanquished.

Grand Total: 59 creatures vanquished

Notes
Turn   | Place    | Note
--------------------------------------------------------------
     0 | D:1      | Nicoed, the Demonspawn Berserker, began the quest for the Orb.
     0 | D:1      | Reached XP level 1. HP: 18/18 MP: 1/1
     1 | D:1      | Found a sparkling altar of Nemelex Xobeh.
    58 | D:1      | Gained mutation: You have sharp toenails. [demonic ancestry]
    58 | D:1      | Reached XP level 2. HP: 13/24 MP: 2/2
   528 | D:2      | Acquired Trog's second power
   561 | D:2      | Noticed Ijyb
   574 | D:2      | Killed Ijyb
   574 | D:2      | Reached skill level 1 in Polearms
   574 | D:2      | Reached XP level 3. HP: 21/30 MP: 3/3
   972 | D:3      | Found an ancient bone altar of Kikubaaqudgha.
  1240 | D:3      | Gained mutation: You are very good at protecting items from fire. [demonic ancestry]
  1240 | D:3      | Reached XP level 4. HP: 19/37 MP: 4/4
  1625 | D:3      | Gained mutation: A weak demonic guardian rushes to your aid. [demonic ancestry]
  1625 | D:3      | Reached XP level 5. HP: 22/42 MP: 5/5
  1635 | D:3      | Found a viscous altar of Jiyva.
  1788 | D:4      | HP: 1/63 [it/puff of flame (5)]
  1790 | D:4      | Slain by a worker ant

Action                   |  1- 3 |  4- 6 || total
-------------------------+-------+-------++-------
Melee: Hand axe          |    17 |       ||    17
       Spear             |    83 |    64 ||   147
Invok: Berserk           |       |     1 ||     1
  Use: Potion            |       |     2 ||     2
